 Dungeon Crawl Stone Soup version 0.30.1-11-g7821555f0a (webtiles) character file.

Game seed: 16648504205626801410

9 Chiseanne the Trooper (level 2, 21/22 HPs)
             Began as a Demonspawn Wanderer on Nov 27, 2023.
             Quit the game on level 1 of the Dungeon.
             The game lasted 00:00:17 (133 turns).

Chiseanne the Trooper (Demonspawn Wanderer)          Turns: 133, Time: 00:00:17

Health: 21/22      AC:  6    Str: 14    XL:     2   Next: 3%
Magic:  2/2        EV:  9    Int: 12    God:
Gold:   0          SH:  0    Dex: 11    Spells: 1/1 levels left

rFire   . . .        a - +2 mace
rCold   . . .        (no shield)
rNeg    . . .        c - +0 scale mail
rPois   .            (no helmet)
rElec   .            (no cloak)
rCorr   .            (no gloves)
SInv    .            (no boots)
Will    .....        (no amulet) Stlth
                     (no ring)
HPRegen 0.23/turn    (no ring)
MPRegen 0.08/turn

%: no passive effects
@: no status effects
A: claws 1
a: no special abilities


You were on level 1 of the Dungeon.
You visited 1 branch of the dungeon, and saw 1 of its levels.

Inventory:

Hand Weapons
 a - a +2 mace (weapon)
 b - a +0 quarterstaff
Armour
 c - a +0 scale mail (worn)
Scrolls
 d - 2 scrolls of teleportation
 e - a scroll of poison {unknown}


   Skills:
 * Level 2.2 Fighting
 - Level 1.7(1.9) Maces & Flails
 - Level 1.0(1.5) Staves
 - Level 1.0 Throwing
 * Level 2.1 Armour
 * Level 1.3 Dodging
 - Level 1.0 Stealth


You had one spell level left.
You didn't know any spells.
Your spell library was empty.

Dungeon Overview and Level Annotations

Branches:
Dungeon (1/15)

Altars:


Innate Abilities, Weirdness & Mutations

You have sharp fingernails.


Message History

A rat comes into view.
The rat barely misses you.
You closely miss the rat.
The rat twitches its whiskers.
The rat bites you but does no damage.
You hit the rat but do no damage. The rat misses you.
You hit the rat.
The rat is heavily wounded.
The rat barely misses you.
You hit the rat.
You kill the rat!
Your Armour skill increases to level 2!
No target in view!
No target in view!
No target in view!
No target in view!
No target in view!
No target in view!
A kobold comes into view. It is wielding a +0 short sword.
The kobold shouts!
A ball python comes into view.
A goblin comes into view. It is wielding a +0 club.
The goblin shouts!
The ball python hisses angrily.
The ball python closely misses you. The ball python grabs you.
The ball python constricts you. The kobold barely misses you.
You thump the ball python!
You kill the ball python!
The kobold closely misses you.
You closely miss the kobold. Your punch misses the kobold.
The kobold hits you with a +0 short sword.
You closely miss the kobold.
The kobold hits you but does no damage. x2
You hit the kobold.
You kill the kobold!
You sock the goblin!
You kill the goblin!
You have reached level 2!
You feel monstrous as your demonic heritage exerts itself.
Your demonic ancestry asserts itself...
Your fingernails lengthen.
Are you sure you want to abandon this character and quit the game? (Confirm with "yes".)

######### #........
########.†.....#
#####.......@#####.
#............).....#
#.###......#.###.#.#
#####.##.......#.#
...............#.#
#####....#####.#.#
#..### #.#.# #..#
#.#.# ...# #.#.#


There were no monsters in sight!

Vanquished Creatures
  A ball python (D:1)
  2 goblins (D:1)
  2 kobolds (D:1)
  A quokka (D:1)
  A rat (D:1)
7 creatures vanquished.

Notes
Turn   | Place    | Note
-------+----------+-------------------------------------------
     0 | D:1      | Chiseanne the Demonspawn Wanderer began the quest for the
                  | Orb.
     0 | D:1      | Chiseanne set off with the following items: a +2 mace, a +0
                  | quarterstaff, a +0 scale mail, a scroll of teleportation.
     0 | D:1      | Reached XP level 1. HP: 16/16 MP: 1/1
   133 | D:1      | Discovered your monstrous ancestry.
   133 | D:1      | Gained mutation: You have sharp fingernails. [demonic
                  | ancestry]
   133 | D:1      | Reached XP level 2. HP: 21/22 MP: 2/2
   133 | D:1      | Quit the game

Illustrated notes

Levels and vault maps discovered:
D:1:      erik_arrival_blinker_ship, layout_basic

Skill      XL: |  1 |
---------------+----+-----
Armour         | 2 |  2.1
Fighting       | |  2.2
Maces & Flails | |  1.7
Staves         | |  1.0
Throwing       | |  1.0
Dodging        | |  1.3
Stealth        | |  1.0

Action                     || total
---------------------------++-------
  Melee: Mace              ||    19
 Armour: Scale mail        ||    14
  Dodge: Dodged            ||     9
